Map: 中央管制平台

Players

Nice - Winner!

  • Race: Protoss Protoss
  • League: Grandmaster

YouRush (JoJo)

  • Race: Zerg Zerg
  • League: Master

Event: 2016 WCS Winter Challenger Taiwan

VOD

Have the link to the VOD?

Description

Time

  • Played on: Jan. 8, 2016, 4:25 a.m.
  • Length: 6:28

All games in this series

Show
View Real Time Build Order
Export as new Build Order

Nice Protoss - Winner!

Build Orders:  

Get SALT Encoding   

  12  0:01  Probe (Chrono Boost)  
  13  0:12  Probe (Chrono Boost)  
  14  0:17  Pylon  
  14  0:22  Probe (Chrono Boost)  
  15  0:35  Probe (Chrono Boost)  
  16  0:38  Gateway  
  16  0:46  Probe (Chrono Boost)  
  16  0:47  Assimilator  
  17  0:53  Assimilator  
  18  0:57  Probe (Chrono Boost)  
  18  1:07  Probe (Chrono Boost)  
  19  1:12  Gateway  
  19  1:25  Zealot (Chrono Boost)  
  21  1:28  Cybernetics Core  
  21  1:35  Pylon  
  21  1:38  Probe  
  22  1:50  Pylon  
  22  1:51  Probe  
  23  2:05  Mothership Core (Chrono Boost)  
  23  2:08  Adept (Chrono Boost)  
  27  2:13  Adept (Chrono Boost)  
  29  2:23  Probe (Chrono Boost)  
  32  2:38  Probe, Adept (Chrono Boost)  
  32  2:39  Adept (Chrono Boost)  
  35  2:45  Pylon  
  35  2:54  Pylon  
  35  2:58  Warp Gate (Chrono Boost)  
  35  3:03  Adept  
  37  3:12  Adept  
  40  3:23  Stargate  
  39  3:49  Nexus  
  39  3:56  Gateway  
  39  4:01  Probe  
  40  4:05  Oracle (Chrono Boost)  
  43  4:13  Probe  
  44  4:25  Probe  
  45  4:37  Probe, Oracle (Chrono Boost)  
  39  4:49  Probe  
  39  4:51  Pylon  
  40  4:53  Sentry  
  40  4:55  Adept  
  40  4:57  Adept  
  46  5:01  Probe  
  47  5:10  Probe  
  47  5:13  Probe  
  49  5:19  Oracle (Chrono Boost)  
  49  5:21  Probe  
  52  5:25  Probe  
  52  5:26  Adept x2  
  58  5:31  Probe, Adept  
  61  5:38  Probe  
  61  5:42  Probe  
  55  5:50  Probe  
  55  5:52  Probe  
  55  5:56  Pylon  
  55  6:02  Probe  
  55  6:03  Probe  
  60  6:08  Adept x2  
  60  6:11  Adept  
  67  6:14  Probe  
Show
View Real Time Build Order
Export as new Build Order

YouRush Zerg 

Build Orders: Pool First 

Get SALT Encoding   

  12  0:00  Drone  
  13  0:08  Drone  
  14  0:26  Spawning Pool  
  13  0:29  Drone  
  13  0:32  Extractor  
  13  0:35  Drone  
  14  0:44  Overlord  
  14  1:13  Zergling x6, Queen  
  19  1:25  Zergling x2  
  20  1:34  Metabolic Boost  
  20  1:38  Zergling x2  
  21  2:02  Overlord  
  21  2:11  Hatchery  
  20  2:23  Drone x5  
  20  2:26  Drone  
  26  2:36  Evolution Chamber  
  25  2:52  Drone  
  25  2:53  Zergling x2  
  25  2:56  Zergling x2  
  25  2:57  Zergling x4  
  30  3:01  Overlord  
  29  3:18  Zerg Melee Weapons Level 1  
  29  3:25  Drone, Queen  
  32  3:28  Drone x2  
  32  3:30  Drone  
  36  3:34  Drone  
  36  3:40  Zergling x4  
  37  3:42  Zergling x2  
  37  3:47  Zergling x2  
  38  3:51  Zergling x2  
  37  3:56  Zergling x2  
  37  3:57  Zergling x2  
  37  4:02  Zergling x2  
  40  4:13  Zergling x2  
  41  4:18  Zergling x4  
  41  4:19  Overlord  
  42  4:29  Zergling x6  
  43  4:37  Drone x3  
  41  4:39  Lair  
  39  4:55  Spore Crawler  
  33  5:08  Drone x5  
  33  5:09  Drone  
  34  5:15  Zergling x2  
  34  5:19  Zergling x2  
  32  5:26  Zergling x2  
  32  5:30  Zergling x2  
  32  5:37  Zergling x4  
  32  5:42  Zergling x2  
  29  5:46  Zergling x4  
  28  5:52  Zergling x2  
  22  6:03  Zergling x2  
  23  6:07  Zergling x2  
Tags
 
Add a new tag
Caveats
  • Supply blocks, unpowered buildings, or Contaminate may cause inaccurate times.
  • Supply counts are checked every 10 seconds.